 Dungeon Crawl Stone Soup version 0.30.1-11-g7821555f0a (webtiles) character file.

Game seed: 8059594483585900181

6723 flappity the Skirmisher (level 11, -3/71 HPs)
             Began as a Kobold Hexslinger on Dec 18, 2023.
             Was a Believer of Fedhas.
             Slain by a six-headed hydra (7 damage)
             ... on level 9 of the Dungeon on Dec 23, 2023.
             The game lasted 00:47:25 (12429 turns).

flappity the Skirmisher (Kobold Hexslinger)        Turns: 12429, Time: 00:47:25

Health: -3/71      AC: 10    Str: 10    XL:     11   Next: 24%
Magic:  13/17      EV: 17    Int: 15    God:    Fedhas [**....]
Gold:   644        SH:  0    Dex: 17    Spells: 13/18 levels left

rFire   . . .        x - +1 shortbow
rCold   . . .        (shield currently unavailable)
rNeg    . . .        q - +0 leather armour
rPois   +            A - +2 helmet
rElec   .            u - +1 cloak
rCorr   .            H - +0 pair of gloves
SInv    .            (no boots)
Will    .....        (no amulet)
Stlth   ++           L - ring of poison resistance
HPRegen 0.31/turn    h - +4 ring of slaying
MPRegen 0.15/turn

%: no passive effects
@: about to teleport, studying Long Blades
A: small, no large weapons, nightstalker 3
a: Renounce Religion, Wall of Briars


You were on level 9 of the Dungeon.
You worshipped Fedhas.
Fedhas was pleased with you.
You visited 2 branches of the dungeon, and saw 10 of its levels.
You also visited: Sewer.

You collected 644 gold pieces.


Innate Abilities, Weirdness & Mutations

You are small and have problems with some larger weapons.
You are completely attuned to the shadows.


   Skills:
 + Level 9.2 Fighting
 + Level 9.8 Ranged Weapons
 + Level 5.0 Armour
 - Level 6.4 Dodging
 - Level 4.3 Spellcasting
 - Level 2.4 Conjurations
 * Level 8.5 Hexes


You had 13 spell levels left.
You knew the following spells:

 Your Spells              Type           Power      Damage    Failure   Level
a - Cause Fear            Hex            14%        N/A       7%          4
s - Slow                  Hex            100%       N/A       1%          1

Your spell library contained the following spells:

 Spells                   Type           Power      Damage    Failure   Level
 Confusing Touch          Hex            28%        N/A       2%          3
 Ensorcelled Hibernation  Hex/Ice        30%        N/A       6%          2
 Inner Flame              Hex/Fire       15%        N/A       12%         3
 Portal Projectile        Hex/Tloc       30%        N/A       12%         3
 Kiss of Death            Conj/Necr      24%        2d7       14%         1
 Momentum Strike          Conj/Tloc      12%        3d8       22%         2
 Apportation              Tloc           6%         N/A       24%         1
 Fulminant Prism          Conj/Hex       9%         3d7       24%         4
 Blink                    Tloc           6%         N/A       34%         2
 Lesser Beckoning         Tloc           6%         N/A       34%         2
 Passwall                 Tmut/Erth      2%         N/A       34%         2
 Frozen Ramparts          Ice            6%         1d1       56%         3
 Gell's Gravitas          Tloc           3%         N/A       56%         3
 Swiftness                Air            3%         N/A       56%         3
 Teleport Other           Tloc           3%         N/A       56%         3
 Volatile Blastmotes      Fire/Tloc      6%         2d10      56%         3
 Yara's Violent Unravell  Hex/Tmut       7%         3d5       75%         5
 Flame Wave               Conj/Fire      6%         2d5       80%         4
 Iskenderun's Mystic Bla  Conj/Tloc      6%         2d4       80%         4
 Sticky Flame             Conj/Fire      6%         2d3       80%         4
 Dispel Undead            Necr           3%         3d7       93%         4
 Ice Form                 Ice/Tmut       3%         N/A       93%         4
 Manifold Assault         Tloc           3%         N/A       93%         4
 Summon Ice Beast         Ice/Summ       3%         N/A       93%         4
 Enfeeble                 Hex            14%        N/A       99%         7
 Alistair's Intoxication  Tmut/Pois      2%         N/A       100%        5
 Lee's Rapid Deconstruct  Erth           1%         3d4*      100%        5
 Storm Form               Tmut/Air       1%         N/A       100%        7

Inventory:

Hand Weapons
 i - a -1 demon whip of venom
   (You took it off Amaemon on level 8 of the Dungeon)
 x - a +1 shortbow (weapon)
Missiles
 b - a silver boomerang
 r - 5 boomerangs
 y - 21 poisoned darts
 C - 4 curare-tipped darts
Armour
 q - a +0 leather armour (worn)
 u - a +1 cloak (worn)
 A - a +2 helmet (worn)
 F - a scarf of resistance
   (You found it on level 6 of the Dungeon)
 H - a +0 pair of gloves (worn)
Jewellery
 e - a ring of flight
 h - a +4 ring of slaying (right hand)
 D - a ring of protection from cold
 L - a ring of poison resistance (left hand)
Wands
 o - a wand of flame (2)
 z - a wand of iceblast (9)
Scrolls
 c - 2 scrolls of fog
 f - a scroll of amnesia
 k - 7 scrolls of identify
 p - 2 scrolls of poison
 t - a scroll of silence
 E - 3 scrolls of enchant weapon
Potions
 d - a potion of magic {unknown}
 g - 2 potions of lignification
 j - 2 potions of attraction
 l - 2 potions of berserk rage
 m - 2 potions of mutation
 v - 2 potions of curing {unknown}
 w - 2 potions of brilliance {unknown}
 B - a potion of cancellation {unknown}
 I - 2 potions of might
 K - a potion of ambrosia {unknown}


Message History

The six-headed hydra is heavily wounded.
Fedhas protects your plant from harm. x3
The six-headed hydra bites your briar patch!
The six-headed hydra bites your briar patch.
The six-headed hydra bites your briar patch!
Your briar patch is destroyed!
Your briar patch disappears in a puff of smoke!
The six-headed hydra bites your briar patch but does no damage.
The six-headed hydra bites your briar patch!
Your briar patch is destroyed!
Your briar patch disappears in a puff of smoke!
The six-headed hydra bites your briar patch but does no damage.
There is an open door here.
Fire: x) +1 shortbow
Press: ? - help, Q - select action, (/) - cycle Shift-Dir - straight line, f/p - six-headed hydra
Aim: a six-headed hydra (heavily wounded, ally target, 85% to hit)
You shoot an arrow. The arrow hits the six-headed hydra!
The six-headed hydra is heavily wounded.
The six-headed hydra attacks as you move away!
The six-headed hydra bites you!
The six-headed hydra bites you but does no damage.
The six-headed hydra bites you. x2; The six-headed hydra misses you.
The six-headed hydra bites you.
You take 27 damage.
A briar patch grows up from the ground. x5; The six-headed hydra bites you!
The six-headed hydra barely misses you.
The six-headed hydra bites you but does no damage.
The six-headed hydra bites you! The six-headed hydra misses you.
The six-headed hydra bites you.
You take 15 damage.
You walk carefully through the plants.
The six-headed hydra bites your briar patch. x6
Your briar patch is destroyed!
Your briar patch disappears in a puff of smoke!
Okay, then.
Aiming: Throw Flame
Press: ? - help, Shift-Dir - straight line, f/p - six-headed hydra
Aim: a six-headed hydra (heavily wounded, ally target, 89% to hit)
The puff of flame hits the six-headed hydra!
The six-headed hydra is heavily wounded.
The six-headed hydra attacks as you move away!
The six-headed hydra bites you. The six-headed hydra bites you!
The six-headed hydra bites you but does no damage.
The six-headed hydra misses you. The six-headed hydra bites you!
The six-headed hydra barely misses you.
You take 27 damage.
As you read the scroll of teleportation, it crumbles to dust.
You feel strangely unstable. The six-headed hydra bites you!
You die...
Fedhas appreciates your contribution to the ecosystem.

∙∙∙∙∙∙∙∙∙∙∙∙▒▒▒∙▒∙▒▒▒▒▒▒∙▒
∙∙∙∙∙∙∙∙▒▒∙▒▒[∙∙∙∙∙∙∙∙▒▒∙▒
∙∙∙∙∙∙∙∙▒▒∙∙▒▒∙∙∙∙∙∙∙▒▒▒∙▒▒▒▒
∙∙∙∙∙∙∙∙▒▒∙∙∙▒▒∙∙▒∙∙▒▒▒∙∙∙∙∙▒
∙∙∙∙∙∙∙∙'∙∙∙∙▒∙▒∙▄∙∙▒▒∙∙▒▒▒∙∙
∙∙∙∙∙∙∙∙▒▒▒▒∙∙∙▒▒∙▒▒▒∙∙▒▒ ∙
▒▒▒▒D▒▒▒▒ ▒▒∙∙▒▒▒▒▒∙∙▒▒
▒▒∙∙∙▒ ▒▒∙∙∙∙∙∙∙▒▒ ∙∙∙▒▒▒
▒▒∙K∙∙▒▒▒ ▒▒▒▒ ▒▒D▒▒▒▒▒▒▒▒
∙∙∙∙∙∙∙∙▒ ▒▒▒∙∙∙∙∙∙∙∙∙∙
∙∙∙∙∙∙∙∙▒▒▒▒∙∙∙∙∙∙∙∙∙∙∙∙
∙∙∙∙∙∙∙∙▒▒PP∙▒∙∙∙∙∙∙∙∙∙∙
∙∙∙∙∙P∙∙▒∙∙∙∙▒∙∙∙∙∙∙∙∙∙∙
∙∙∙∙∙∙P∙'P▒P∙▒∙∙∙∙∙∙∙∙∙∙
∙∙∙∙∙PP∙▒∙∙∙▒▒∙∙∙∙∙∙∙∙∙
∙∙∙∙∙∙∙∙▒∙▄∙▒


You could see a six-headed hydra.

Vanquished Creatures
  2 two-headed ogres
  Amaemon (D:8)
  A cyclops (D:9)
  An orange demon (D:8)
  A wyvern (D:8)
  2 wraiths
  2 yaks (D:9)
  Menkaure (D:6)
  3 water moccasins
  4 orc warriors
  A black bear (D:5)
  A hornet zombie (D:7)
  2 ice beasts
  3 ogres
  2 centaurs
  4 kobold brigands
  A water moccasin zombie (D:7)
  4 bullfrogs
  2 wights (D:7)
  A killer bee (D:9)
  A howler monkey (D:9)
  An electric eel (D:7)
  A bullfrog zombie (D:7)
  4 centaur zombies (D:7)
  2 jellies
  A human zombie (D:7)
  4 orc priests
  4 hounds
  An iron imp (D:7)
  4 iguanas
  2 sleepcaps
  6 orc wizards
  A killer bee zombie (D:7)
  A howler monkey zombie (D:7)
  6 gnolls (D:4)
  10 adders
  A white imp (D:7)
  An ufetubus (D:7)
  3 worms
  5 dart slugs
  45 orcs
  9 ball pythons
  9 bats
  7 endoplasms
  5 giant cockroaches
  4 goblins
  9 hobgoblins
  3 jackals (D:5)
  5 quokkas
  7 frilled lizards
  19 kobolds
  7 rats
227 creatures vanquished.

Notes
Turn   | Place    | Note
-------+----------+-------------------------------------------
     0 | D:1      | flappity the Kobold Hexslinger began the quest for the Orb.
     0 | D:1      | Reached XP level 1. HP: 12/12 MP: 2/2
   156 | D:1      | Reached XP level 2. HP: 16/16 MP: 3/3
   277 | D:1      | Reached skill level 3 in Ranged Weapons
   352 | D:1      | Reached skill level 2 in Fighting
   501 | D:1      | Reached XP level 3. HP: 21/21 MP: 4/4
   688 | D:1      | Reached skill level 3 in Dodging
  1445 | D:2      | Reached XP level 4. HP: 27/27 MP: 5/5
  2059 | D:3      | Reached skill level 3 in Fighting
  2434 | D:3      | Reached XP level 5. HP: 26/32 MP: 7/7
  2465 | D:3      | Noticed an ice beast
  2586 | D:3      | Found a glowing drain.
  2594 | Sewer    | Entered a sewer
  2616 | Sewer    | Noticed a water moccasin
  2629 | Sewer    | Killed a water moccasin
  2630 | Sewer    | Reached skill level 4 in Fighting
  2630 | Sewer    | Reached skill level 4 in Ranged Weapons
  2630 | Sewer    | Reached skill level 4 in Dodging
  2630 | Sewer    | Reached skill level 2 in Spellcasting
  2630 | Sewer    | Reached skill level 1 in Conjurations
  2630 | Sewer    | Reached XP level 6. HP: 24/38 MP: 7/9
  3212 | D:3      | Killed an ice beast
  3620 | D:4      | Reached XP level 7. HP: 44/44 MP: 10/10
  3985 | D:4      | Reached skill level 2 in Conjurations
  4333 | D:4      | Reached skill level 5 in Fighting
  4807 | D:5      | Entered Level 5 of the Dungeon
  4895 | D:5      | Reached skill level 5 in Ranged Weapons
  5104 | D:5      | Reached skill level 3 in Spellcasting
  5104 | D:5      | Reached XP level 8. HP: 17/50 MP: 10/12
  5105 | D:5      | HP: 9/50 [iguana (8)]
  5354 | D:5      | Reached skill level 5 in Dodging
  5468 | D:5      | Reached skill level 6 in Fighting
  5473 | D:5      | Learned a level 4 spell: Cause Fear
  5942 | D:6      | Reached skill level 1 in Armour
  6089 | D:6      | Reached skill level 6 in Ranged Weapons
  6134 | D:6      | Reached skill level 4 in Hexes
  6213 | D:6      | Noticed a wraith
  6277 | D:6      | Killed a wraith
  6278 | D:6      | Reached skill level 6 in Dodging
  6278 | D:6      | Reached XP level 9. HP: 29/56 MP: 13/13
  6385 | D:6      | Reached skill level 2 in Armour
  6522 | D:6      | Noticed Menkaure
  6561 | D:6      | Killed Menkaure
  6637 | D:6      | Reached skill level 7 in Fighting
  6815 | D:6      | Reached skill level 7 in Ranged Weapons
  7319 | D:7      | Found a staircase to the Ecumenical Temple.
  7325 | Temple   | Entered the Ecumenical Temple
  7631 | Temple   | Became a worshipper of Fedhas Madash
  7958 | D:7      | Found an ancient bone altar of Kikubaaqudgha.
  8171 | D:7      | Reached skill level 5 in Hexes
  8404 | D:7      | Reached skill level 3 in Armour
  8517 | D:7      | Reached * piety under Fedhas
  8518 | D:7      | Reached skill level 4 in Spellcasting
  8560 | D:7      | Found an iron altar of Okawaru.
  8563 | D:7      | Found a basalt altar of Yredelemnul.
  9046 | D:7      | Found a snail-covered altar of Cheibriados.
  9052 | D:7      | Reached XP level 10. HP: 63/63 MP: 16/16
  9134 | D:7      | Found a glowing golden altar of the Shining One.
  9154 | D:7      | Found a hazy altar of Hepliaklqana.
  9445 | D:8      | Reached skill level 8 in Ranged Weapons
  9452 | D:8      | Noticed a two-headed ogre
  9782 | D:8      | Killed a two-headed ogre
  9783 | D:8      | Reached skill level 8 in Fighting
  9783 | D:8      | Reached skill level 6 in Hexes
 10121 | D:8      | Noticed an orange demon
 10237 | D:8      | Noticed Amaemon
 10246 | D:8      | HP: 19/64 [Amaemon/-1 demon whip of venom (7)]
 10247 | D:8      | HP: 6/64 [poisoned by Amaemon]
 10253 | D:8      | Killed Amaemon
 10253 | D:8      | HP: 16/64 [poisoned by Amaemon]
 10254 | D:8      | Reached skill level 4 in Armour
 10254 | D:8      | Reached skill level 7 in Hexes
 10255 | D:8      | HP: 7/65 [poisoned by Amaemon]
 10257 | D:8      | HP: 3/65 [poisoned by Amaemon]
 10258 | D:8      | HP: 1/65 [poisoned by Amaemon]
 10429 | D:8      | Killed an orange demon
 10430 | D:8      | Reached skill level 9 in Ranged Weapons
 10705 | D:9      | Reached ** piety under Fedhas
 11083 | D:9      | Noticed a two-headed ogre
 11126 | D:9      | Killed a two-headed ogre
 11127 | D:9      | Reached XP level 11. HP: 42/69 MP: 17/17
 11356 | D:9      | Noticed a six-headed hydra
 11425 | D:9      | Noticed a cyclops
 11450 | D:9      | Killed a cyclops
 11451 | D:9      | Reached skill level 9 in Fighting
 11451 | D:9      | Reached skill level 8 in Hexes
 11866 | D:9      | Found a shimmering altar of Xom.
 11968 | D:9      | HP: 19/71 [six-headed hydra (4)]
 11968 | D:9      | HP: 7/71 [six-headed hydra (7)]
 12249 | D:9      | Reached skill level 5 in Armour
 12402 | D:9      | Found an ornate altar of the Wu Jian Council.
 12428 | D:9      | HP: 17/71 [six-headed hydra (9)]
 12428 | D:9      | HP: 4/71 [six-headed hydra (13)]
 12429 | D:9      | Slain by a six-headed hydra

Levels and vault maps discovered:
D:1:      minmay_arrival_four_loops, layout_basic
D:2:      layout_loops_ring, skrybe_limestone_x
D:3:      minmay_chambers_of_twos, layout_basic, portal_sewer_entry_d
D:4:      layout_rooms, sigmund_army
D:5:      layout_rooms
D:6:      layout_loops_ring, serial_park_tiny_2, minmay_manual_monolith,
          uniq_menkaure
D:7:      layout_loops_corners, lemuel_mausoleum_altar_kikubaaqudgha,
          slow_altar_2, nicolae_overflow_squiral, grunt_temple_overflow_open,
          minmay_temple_entry_purple_smoke
D:8:      layout_loops_cross, uniq_amaemon
D:9:      layout_roguey [special_room_orc], mainiacjoe_overflow_tiny_flanked,
          minmay_ruined_shrine
Temple:   nicolae_temple_bog_church

Action                     |  1- 3 |  4- 6 |  7- 9 | 10-12 || total
---------------------------+-------+-------+-------+-------++-------
  Melee: Spear             |       |       |    10 |       ||    10
         Punch             |       |       |     1 |       ||     1
         Demon whip        |       |       |       |     7 ||     7
   Fire: Sling             |    61 |    96 |   233 |       ||   390
         Shortbow          |       |       |   148 |   225 ||   373
  Throw: Dart              |       |       |     1 |     5 ||     6
   Cast: Slow              |       |     2 |    53 |    28 ||    83
         Cause Fear        |       |       |       |     8 ||     8
 Invoke: Wall of Briars    |       |       |       |     2 ||     2
  Evoke: Wand              |       |       |     1 |     6 ||     7
    Use: Scroll            |     7 |     2 |     6 |     3 ||    18
         Potion            |       |     1 |       |     5 ||     6
 Armour: Robe              |     1 |     3 |       |       ||     4
         Leather armour    |       |     2 |    73 |    58 ||   133
  Dodge: Dodged            |     7 |    38 |   194 |   123 ||   362
